TOP OF THE 1ST |
Georgetown Hoyas batting - Pitching for Texas Longhorns : RHP Danny Clayton
|
Pitching: RHP Danny Clayton
|
|
Batting: RHB Bob Lee
|
0-0: Bunt missed! 0-1: Ball 1-1: SINGLE (Line Drive, 6D)
|
Batting: LHB José De La Cruz
|
0-0: Called Strike 0-1: Ball 1-1: Grounds into double play, 4-6-3 (Groundball, 4)
|
Batting: RHB Hubert MacDonald
|
0-0: Ball 1-0: SINGLE (Groundball, 56D)
|
Batting: LHB Ken Bullard
|
0-0: Fly out, F4 (Popup, 34)
|
Top of the 1st over - 0 run(s), 2 hit(s), 0 error(s), 1 left on base; Georgetown 0 - Texas 0 |
BOTTOM OF THE 1ST |
Texas Longhorns batting - Pitching for Georgetown Hoyas : RHP Greg Thompson
|
Pitching: RHP Greg Thompson
|
|
Batting: SHB Randy Anderson
|
0-0: Ball 1-0: Ball 2-0: Ball 3-0: Called Strike 3-1: Foul Ball, location: 2F 3-2: Base on Balls
|
Batting: RHB Joe Maynard
|
0-0: Ball 1-0: SINGLE (Groundball, 56D) Randy Anderson to second
|
Batting: RHB Eugene Salazar
|
0-0: Swinging Strike 0-1: Foul Ball, location: 2F 0-2: Hit by Pitch Randy Anderson to third Joe Maynard to second
|
Batting: RHB Joe Rogers
|
0-0: Fly out, F8 (Line Drive, 8RS)
|
Batting: SHB Ángel González
|
0-0: Ball 1-0: Ball 2-0: Foul Ball, location: 2F 2-1: Ball 3-1: Called Strike 3-2: Foul Ball, location: 2F 3-2: Foul Ball, location: 2F 3-2: Base on Balls Randy Anderson scores Joe Maynard to third Eugene Salazar to second
|
Batting: RHB Edmond Magee
|
0-0: Called Strike 0-1: SINGLE (Line Drive, 4D) Joe Maynard scores Eugene Salazar to third Ángel González to second
|
Batting: LHB Arlen Powers
|
0-0: Ball 1-0: Ball 2-0: Called Strike 2-1: Foul Ball, location: 2F 2-2: Ball 3-2: Strikes out swinging
|
Batting: RHB Roberto Hernández
|
0-0: Foul Ball, location: 2F 0-1: Swinging Strike 0-2: Foul Ball, location: 2F 0-2: Strikes out swinging
|
Bottom of the 1st over - 2 run(s), 2 hit(s), 0 error(s), 3 left on base; Georgetown 0 - Texas 2 |
TOP OF THE 2ND |
Georgetown Hoyas batting - Pitching for Texas Longhorns : RHP Danny Clayton
|
Batting: RHB Glenn Rojas
|
0-0: Called Strike 0-1: Swinging Strike 0-2: Ground out 1-3 (Groundball, 13)
|
Batting: RHB Brian Harvey
|
0-0: Ball 1-0: Ball 2-0: Foul Ball, location: 2F 2-1: Called Strike 2-2: Fly out, F9 (Flyball, 89M)
|
Batting: LHB Chris Smith
|
0-0: Ball 1-0: Fly out, F8 (Flyball, 8LM)
|
Top of the 2nd over - 0 run(s), 0 hit(s), 0 error(s), 0 left on base; Georgetown 0 - Texas 2 |
BOTTOM OF THE 2ND |
Texas Longhorns batting - Pitching for Georgetown Hoyas : RHP Greg Thompson
|
Batting: RHB Jerome Cuevas
|
0-0: Ball 1-0: Foul Ball, location: 2F 1-1: Ball 2-1: Swinging Strike 2-2: Foul Ball, location: 2F 2-2: Reached on error, E5 (Groundball, 5)
|
Batting: SHB Randy Anderson
|
0-0: SINGLE (Groundball, 6MD) Jerome Cuevas to third Runner from 3rd tries for Home, throw and OUT! Randy Anderson to second
|
Batting: RHB Joe Maynard
|
0-0: Called Strike 0-1: Foul Ball, location: 2F 0-2: Strikes out swinging
|
Batting: RHB Eugene Salazar
|
0-0: Ball 1-0: Fly out, F7 (Flyball, 7D)
|
Bottom of the 2nd over - 0 run(s), 1 hit(s), 1 error(s), 1 left on base; Georgetown 0 - Texas 2 |
TOP OF THE 3RD |
Georgetown Hoyas batting - Pitching for Texas Longhorns : RHP Danny Clayton
|
Batting: LHB Robinson Ordóñez
|
0-0: Called Strike 0-1: Swinging Strike 0-2: Strikes out looking
|
Batting: LHB Preston Leach
|
0-0: Ball 1-0: Ball 2-0: Foul Ball, location: 2F 2-1: Swinging Strike 2-2: Strikes out looking
|
Batting: RHB Bob Lee
|
0-0: Called Strike 0-1: Ball 1-1: Ball 2-1: Foul Ball, location: 2F 2-2: Foul Ball, location: 2F 2-2: Fly out, F9 (Flyball, 9S)
|
Top of the 3rd over - 0 run(s), 0 hit(s), 0 error(s), 0 left on base; Georgetown 0 - Texas 2 |
BOTTOM OF THE 3RD |
Texas Longhorns batting - Pitching for Georgetown Hoyas : RHP Greg Thompson
|
Batting: RHB Joe Rogers
|
0-0: Ball 1-0: Called Strike 1-1: DOUBLE (Flyball, 89M)
|
Batting: SHB Ángel González
|
0-0: Foul Ball, location: 2F 0-1: Ball 1-1: Ball 2-1: Ball 3-1: Base on Balls
|
Batting: RHB Edmond Magee
|
0-0: SINGLE (Groundball, 56D) Joe Rogers to third Ángel González to second
|
Batting: LHB Arlen Powers
|
0-0: Fly out, F8 (Flyball, 78M)
|
Batting: RHB Roberto Hernández
|
0-0: Ball 1-0: Foul Ball, location: 2F 1-1: Swinging Strike 1-2: Fly out, F9 (Popup, 4D)
|
Batting: RHB Jerome Cuevas
|
0-0: Called Strike 0-1: Swinging Strike 0-2: Strikes out swinging
|
Bottom of the 3rd over - 0 run(s), 2 hit(s), 0 error(s), 3 left on base; Georgetown 0 - Texas 2 |
TOP OF THE 4TH |
Georgetown Hoyas batting - Pitching for Texas Longhorns : RHP Danny Clayton
|
Batting: LHB José De La Cruz
|
0-0: Ball 1-0: Foul Ball, location: 2F 1-1: DOUBLE (Line Drive, 78M)
|
Batting: RHB Hubert MacDonald
|
0-0: Ball 1-0: Swinging Strike 1-1: Ball 2-1: Called Strike 2-2: Strikes out looking
|
Batting: LHB Ken Bullard
|
0-0: Ball 1-0: Ball 2-0: Called Strike 2-1: Ball 3-1: Fly out, F8 (Popup, 78S)
|
Batting: RHB Glenn Rojas
|
0-0: Swinging Strike 0-1: Swinging Strike 0-2: Foul Ball, location: 2F 0-2: Foul Ball, location: 2F 0-2: Ball 1-2: Ball 2-2: Ball 3-2: Base on Balls
|
Batting: RHB Brian Harvey
|
0-0: Foul Ball, location: 2F 0-1: Swinging Strike 0-2: Ground out 6-3 (Groundball, 6)
|
Top of the 4th over - 0 run(s), 1 hit(s), 0 error(s), 2 left on base; Georgetown 0 - Texas 2 |
BOTTOM OF THE 4TH |
Texas Longhorns batting - Pitching for Georgetown Hoyas : RHP Greg Thompson
|
Batting: SHB Randy Anderson
|
0-0: Ball 1-0: SINGLE (Line Drive, 34D)
|
Batting: RHB Joe Maynard
|
0-0: Ball 1-0: Grounds into double play, U6-3 (Groundball, 6)
|
Batting: RHB Eugene Salazar
|
0-0: Called Strike 0-1: Called Strike 0-2: Ball 1-2: Strikes out looking
|
Bottom of the 4th over - 0 run(s), 1 hit(s), 0 error(s), 0 left on base; Georgetown 0 - Texas 2 |
TOP OF THE 5TH |
Georgetown Hoyas batting - Pitching for Texas Longhorns : RHP Danny Clayton
|
Batting: LHB Chris Smith
|
0-0: Fly out, F6 (Line Drive, 6)
|
Batting: LHB Robinson Ordóñez
|
0-0: Ball 1-0: Ball 2-0: Ground out 4-3 (Groundball, 4M)
|
Batting: LHB Preston Leach
|
0-0: Fly out, F6 (Popup, 56D)
|
Top of the 5th over - 0 run(s), 0 hit(s), 0 error(s), 0 left on base; Georgetown 0 - Texas 2 |
BOTTOM OF THE 5TH |
Texas Longhorns batting - Pitching for Georgetown Hoyas : RHP Greg Thompson
|
Batting: RHB Joe Rogers
|
0-0: Ball 1-0: Foul Ball, location: 2F 1-1: Ball 2-1: Called Strike 2-2: Foul Ball, location: 2F 2-2: Strikes out swinging
|
Batting: SHB Ángel González
|
0-0: Ball 1-0: Ball 2-0: SOLO HOME RUN (Flyball, 89XD), Distance : 377 ft
|
Batting: RHB Edmond Magee
|
0-0: Ball 1-0: Ball 2-0: Called Strike 2-1: Foul Ball, location: 2F 2-2: Strikes out swinging
|
Batting: LHB Arlen Powers
|
0-0: Foul Ball, location: 2F 0-1: Foul Ball, location: 2F 0-2: Strikes out swinging
|
Bottom of the 5th over - 1 run(s), 1 hit(s), 0 error(s), 0 left on base; Georgetown 0 - Texas 3 |
TOP OF THE 6TH |
Georgetown Hoyas batting - Pitching for Texas Longhorns : RHP Danny Clayton
|
Batting: RHB Bob Lee
|
0-0: Swinging Strike 0-1: Ball 1-1: Swinging Strike 1-2: Ball 2-2: Foul Ball, location: 2F 2-2: Strikes out swinging
|
Batting: LHB José De La Cruz
|
0-0: Swinging Strike 0-1: Swinging Strike 0-2: Ground out 3-1 (Groundball, 34)
|
Batting: RHB Hubert MacDonald
|
0-0: Ball 1-0: Ball 2-0: Reached on error, E6 (Groundball, 6)
|
Batting: LHB Ken Bullard
|
0-0: Foul Ball, location: 2F 0-1: Swinging Strike 0-2: Ball 1-2: Ball 2-2: Strikes out swinging
|
Top of the 6th over - 0 run(s), 0 hit(s), 1 error(s), 1 left on base; Georgetown 0 - Texas 3 |
BOTTOM OF THE 6TH |
Texas Longhorns batting - Pitching for Georgetown Hoyas : RHP Greg Thompson
|
Pitching: RHP Brandon Lee
|
|
Batting: RHB Roberto Hernández
|
0-0: Fly out, F9 (Flyball, 9LM)
|
Batting: RHB Jerome Cuevas
|
0-0: Ball 1-0: Ball 2-0: Ball 3-0: Called Strike 3-1: Called Strike 3-2: Base on Balls
|
Batting: SHB Randy Anderson
|
Pickoff Throw to First - Out! 0-0: Foul Ball, location: 2F 0-1: Fly out, F7 (Flyball, 78M)
|
Bottom of the 6th over - 0 run(s), 0 hit(s), 0 error(s), 0 left on base; Georgetown 0 - Texas 3 |
TOP OF THE 7TH |
Georgetown Hoyas batting - Pitching for Texas Longhorns : RHP Danny Clayton
|
Batting: RHB Glenn Rojas
|
0-0: Swinging Strike 0-1: Ball 1-1: Swinging Strike 1-2: Fly out, F8 (Flyball, 8RM)
|
Pitching: RHP Collin Thompson
|
|
Batting: RHB Brian Harvey
|
0-0: Called Strike 0-1: Foul Ball, location: 2F 0-2: Ball 1-2: Ball 2-2: Foul Ball, location: 2F 2-2: Strikes out looking
|
Batting: LHB Chris Smith
|
0-0: Ground out 6-3 (Groundball, 6)
|
Top of the 7th over - 0 run(s), 0 hit(s), 0 error(s), 0 left on base; Georgetown 0 - Texas 3 |
BOTTOM OF THE 7TH |
Texas Longhorns batting - Pitching for Georgetown Hoyas : RHP Brandon Lee
|
Batting: RHB Joe Maynard
|
0-0: Ball 1-0: Foul Ball, location: 2F 1-1: Called Strike 1-2: Reached on error, E5 (Groundball, 5)
|
Batting: RHB Eugene Salazar
|
0-0: Ball 1-0: Ball 2-0: Called Strike 2-1: Grounds into double play, U6-3 (Groundball, 6M)
|
Batting: RHB Joe Rogers
|
0-0: Fly out, F7 (Flyball, 8LM)
|
Bottom of the 7th over - 0 run(s), 0 hit(s), 1 error(s), 0 left on base; Georgetown 0 - Texas 3 |
TOP OF THE 8TH |
Georgetown Hoyas batting - Pitching for Texas Longhorns : RHP Collin Thompson
|
Now at C: José Wills
|
|
Now at 1B: John Burton
|
|
Now at 3B: Dave Tucker
|
|
Batting: LHB Robinson Ordóñez
|
0-0: Foul Ball, location: 2F 0-1: Ball 1-1: Swinging Strike 1-2: Ball 2-2: DOUBLE (Line Drive, 8RXD)
|
Pitching: LHP Tim Watkins
|
|
Batting: LHB Preston Leach
|
0-0: Ball 1-0: Fly out, F7 (Flyball, 7M)
|
Pitching: LHP John Case
|
|
Batting: RHB Bob Lee
|
0-0: SINGLE (Line Drive, 7LS) Robinson Ordóñez to third
|
Batting: LHB José De La Cruz
|
0-0: Foul Ball, location: 2F 0-1: Ball 1-1: Ground out U3 (Groundball, 3S) Robinson Ordóñez scores Bob Lee to second
|
Pitching: RHP Keith Martínez
|
|
Batting: RHB Hubert MacDonald
|
0-0: Called Strike 0-1: SINGLE (Groundball, 6M) Bob Lee to third Runner from 3rd tries for Home, SAFE, no throw or cutoff
|
Pitching: LHP Joe Woods
|
|
Batting: LHB Ken Bullard
|
0-0: Ball 1-0: Fly out, F4 (Line Drive, 4)
|
Top of the 8th over - 2 run(s), 3 hit(s), 0 error(s), 1 left on base; Georgetown 2 - Texas 3 |
BOTTOM OF THE 8TH |
Texas Longhorns batting - Pitching for Georgetown Hoyas : RHP Brandon Lee
|
Pitching: RHP Kyle O'Brien
|
|
Batting: SHB Ángel González
|
0-0: Foul Ball, location: 2F 0-1: Ball 1-1: Foul Ball, location: 2F 1-2: Ball 2-2: Foul Ball, location: 2F 2-2: Strikes out swinging
|
Batting: RHB Edmond Magee
|
0-0: Called Strike 0-1: Ball 1-1: Swinging Strike 1-2: Ball 2-2: Ground out 4-3 (Groundball, 13)
|
Batting: LHB Arlen Powers
|
0-0: Called Strike 0-1: Ball 1-1: Foul Ball, location: 2F 1-2: Strikes out swinging
|
Bottom of the 8th over - 0 run(s), 0 hit(s), 0 error(s), 0 left on base; Georgetown 2 - Texas 3 |
TOP OF THE 9TH |
Georgetown Hoyas batting - Pitching for Texas Longhorns : LHP Joe Woods
|
Pitching: RHP Sherwood Bailey
|
|
Batting: RHB Glenn Rojas
|
0-0: Ball 1-0: Foul Ball, location: 2F 1-1: Ball 2-1: Ball 3-1: Called Strike 3-2: Base on Balls
|
Pinch Runner at 1st Felipe Rivera:
|
|
Batting: RHB Brian Harvey
|
0-0: Ball 1-0: Bunted foul 1-1: Sac Bunt - play at first, batter OUT! 3-4 Felipe Rivera to second
|
Batting: LHB Chris Smith
|
0-0: Called Strike 0-1: Ball 1-1: Ball 2-1: Called Strike 2-2: Strikes out swinging
|
Batting: LHB Robinson Ordóñez
|
0-0: Ball 1-0: Ball 2-0: Ball 3-0: Base on Balls
|
Pinch Hitting: SHB Chris Young
|
0-0: Foul Ball, location: 2F 0-1: Ball 1-1: Ball 2-1: Fly out, F7 (Flyball, 7M)
|
Top of the 9th over - 0 run(s), 0 hit(s), 0 error(s), 2 left on base; Georgetown 2 - Texas 3 |
|